AoeStats
← Frank

Arena

509180772Analyzed
3v3 RM · 8d ago on Sep 25, 2026· 61m 25s· 6 players
Game mode
Random Map
Map size
Normal (6 player)
Population
200
Speed
Normal
Resources
Standard
Victory
Conquest
Starting age
Dark Age
Ending age
Imperial Age
RankedLock teamsTeams togetherTeam positionsShared explorationLock speedFull tech treeHidden civsTurbo modeCheats
Victory
Defeat
🇪🇸 Bengalis · Spain
1044
+14
🇬🇧 Vikings · United Kingdom
996
+16
🇨🇱 Byzantines · Chile
984
+18
🇬🇧 Spanish · United Kingdom
1002
-16
🇧🇴 Huns · Bolivia
1000
-48
🇬🇧 Byzantines · United Kingdom
999
-16
TheToivi
11:09 Feudal Age
15:59 Castle Age
14:32 Double-Bit Axe
14:32 Horse Collar
16:41 Loom
19:13 Bow Saw
23:51 Heavy Plow
27:02 Stone Mining
29:09 Fortified Wall
32:59 Imperial Age
31:31 Gold Mining
33:22 Capped Ram
34:24 Siege Ram
35:35 Scale Mail Armor
35:47 Forging
35:50 Squires
39:58 Two-Man Saw
39:34 Crop Rotation
41:25 Chieftains
42:48 Chain Mail Armor
44:11 Plate Mail Armor
45:58 Siege Engineers
45:18 Elite Varangian Guard
48:01 Iron Casting
47:15 Arson
50:18 Blast Furnace
50:22 Conscription
50:33 Treadmill Crane
51:55 Chemistry
51:18 Ballistics
51:10 Masonry
51:39 Hoardings
53:44 Gold Shaft Mining
53:42 Caravan
53:55 Elite Berserk
61:00 Fletching
61:12 Padded Archer Armor
juanem92
11:30 Feudal Age
11:58 Horse Collar
12:05 Double-Bit Axe
20:54 Castle Age
19:08 Fletching
20:10 Padded Archer Armor
20:04 Gold Mining
20:04 Stone Mining
21:50 Elite Skirmisher
23:54 Bow Saw
27:05 Pikeman
28:11 Scale Mail Armor
35:30 Imperial Age
37:09 Halberdier
39:34 Two-Man Saw
38:42 Scale Barding Armor
38:47 Forging
40:25 Bloodlines
40:16 Husbandry
39:37 Light Cavalry
42:36 Conscription
42:42 Chain Barding Armor
42:57 Iron Casting
46:22 Blast Furnace
45:57 Plate Barding Armor
45:24 Heavy Plow
54:28 Man-at-Arms
54:53 Gambesons
55:09 Squires
54:55 Arson
55:08 Long Swordsman
56:42 Two-Handed Swordsman
58:23 Chain Mail Armor
58:39 Champion
alexismdo1
5:05 Loom
11:08 Feudal Age
15:10 Castle Age
12:57 Horse Collar
13:10 Double-Bit Axe
13:26 Horse Collar
16:42 Bow Saw
17:17 Heavy Plow
22:49 Wheelbarrow
23:31 Fervor
27:04 Imperial Age
24:46 Stone Mining
24:47 Gold Mining
24:57 Gold Mining
25:17 Scale Barding Armor
25:43 Forging
25:50 Fortified Wall
25:21 Treadmill Crane
26:23 Stone Shaft Mining
26:45 Hand Cart
26:18 Pikeman
26:59 Squires
27:35 Gambesons
27:54 Scale Mail Armor
29:56 Chemistry
30:38 Chain Barding Armor
30:35 Chain Mail Armor
31:14 Iron Casting
31:52 Conscription
32:15 Hoardings
32:58 Caravan
34:33 Plate Barding Armor
34:28 Plate Mail Armor
35:05 Crop Rotation
35:36 Two-Man Saw
35:13 Gold Shaft Mining
34:14 Halberdier
38:01 Logistica
37:11 Elite Cataphract
42:06 Fletching
47:15 Bodkin Arrow
53:11 Arson
53:54 Bracer
53:55 Padded Archer Armor
53:42 Elite Skirmisher
54:28 Thumb Ring
Marisol
0:32 Loom
9:52 Feudal Age
10:20 Double-Bit Axe
10:17 Horse Collar
11:14 Wheelbarrow
10:26 Town Watch
12:31 Gold Mining
20:02 Castle Age
21:39 Bow Saw
22:07 Gold Shaft Mining
21:49 Hand Cart
22:20 Husbandry
22:31 Bloodlines
22:29 Scale Barding Armor
25:45 Town Patrol
31:21 Chain Barding Armor
32:04 Stone Mining
35:18 Murder Holes
35:34 Masonry
35:45 Ballistics
36:29 Caravan
37:30 Pikeman
38:11 Squires
37:56 Arson
38:53 Scale Mail Armor
39:04 Forging
47:03 Chain Mail Armor
47:23 Iron Casting
50:44 Imperial Age
51:14 Halberdier
55:43 Plate Barding Armor
56:09 Blast Furnace
55:19 Cavalier
56:48 Paladin
Frank
11:10 Feudal Age
15:33 Castle Age
16:39 Double-Bit Axe
20:28 Bow Saw
20:03 Horse Collar
29:58 Imperial Age
27:39 Gold Mining
27:39 Stone Mining
30:40 Loom
31:31 Wheelbarrow
32:06 Squires
31:27 Pikeman
33:21 Chemistry
34:23 Hand Cart
35:27 Heavy Plow
34:58 Halberdier
41:06 Conscription
41:34 Scale Mail Armor
41:45 Forging
41:13 Elite Skirmisher
43:43 Ballistics
43:19 Murder Holes
55:37 Light Cavalry
Fontleroy
10:27 Feudal Age
14:21 Castle Age
12:54 Double-Bit Axe
13:25 Horse Collar
14:47 Loom
20:41 Padded Archer Armor
23:49 Bow Saw
24:17 Leather Archer Armor
33:53 Bloodlines
40:48 Imperial Age
39:23 Gold Mining
39:26 Stone Mining
39:33 Fletching
40:37 Wheelbarrow
41:26 Husbandry
42:16 Conscription
43:00 Gambesons
43:17 Squires
42:38 Man-at-Arms
42:45 Man-at-Arms
44:48 Fortified Wall
47:20 Supremacy
47:52 Murder Holes
49:04 Ballistics
Connection lost

Rejoining the realm…

Still unreachable

The connection could not be restored.

Session expired

The server has moved on; the page needs a fresh start.